cohdb
Replays
Latest Replays
All Replays
Popular Replays
Top Player Replays
Match Explorer
How It Works
Community
CoH3 Stats
Reddit
Sign in to upload your games and track your stats! →
Sign in with Steam
Match 45583424
Unlisted
Match 45583424
Overview
Messages
Build Orders
End
Engineer Squad
Construct Barracks
Selects Armored Battlegroup
Selects Veteran Crews
1⁄4-ton 4x4 Truck
Riflemen Squad
M1 Mortar Team
Riflemen Squad
Air Support Center
P-47 Strafing Run
Construct Medical Station
Grasshopper Recon Run
Riflemen Squad
P-47 Dive Bomb
P-47 Strafing Run
Selects Fast Deploy
Construct Motor Pool
M1918 Browning Automatic Rifles
P-47 Strafing Run
Construct Motor Pool
P-47 Dive Bomb
M24 Chaffee Light Tank
P-47 Strafing Run
P-47 Strafing Run
Selects M8 Scott SPG
M8 Scott SPG
Grasshopper Recon Run
P-47 Strafing Run
P-47 Dive Bomb
Grasshopper Recon Run
P-47 Strafing Run
M24 Chaffee Light Tank
P-47 Dive Bomb
P-47 Strafing Run
XuZhongwei
3+++
Chewieeee
Sprynt
0
0
Comments
sign in to comment!
No comments posted yet!